[Event "Late-Titled-Tuesday-Blitz-October-10-2023"]
[Site "Chess.com"]
[Date "2023.10.10"]
[Round "1"]
[White "midedu"]
[Black "bipe137"]
[Result "1-0"]
[WhiteElo "2071"]
[BlackElo "2522"]
[TimeControl "180+1"]
[EndTime "14:08:36 PDT"]
[Termination "midedu won by checkmate"]

1. e4 c5 2. Nc3 e6 3. g3 d5 4. exd5 exd5 5. d4 cxd4 6. Qxd4 Be6 7. Bg2 Nc6 8. Qd1 Bb4 9. Bd2 Nf6 10. Nge2 O-O 11. O-O Qd7 12. Nb5 Bc5 13. Bf4 Rac8 14. c3 Rfe8 15. Ned4 Bg4 16. f3 Bh3 17. Kh1 Bxg2+ 18.
Kxg2 a6 19. Nb3 Bf8 20. N5d4 Ne5 21. Bxe5 Rxe5 22. Qd2 Rh5 23. Rae1 Bd6 24. Kg1 Bb8 25.
Re3 Rg5 26. Qg2 h5 27. Kh1 h4 28. g4 Bf4 29. Re2 Re5 30. Rxe5 Bxe5 31. Re1 Bb8 32. Nf5 Re8 33. Re2 h3 34. Qf2 g6 35. Nfd4 Bf4 36. Qe1 Rxe2 37. Qxe2 Kg7 38. Nc5 Qc8 39. Nce6+ fxe6 40. Nxe6+ Kf7 41. Nxf4 Qc6 42. Nxh3 Kg7 43. Qe7+ Kg8 44. Ng5 d4 45. Qe6+ Kg7 46. Qxc6 bxc6 47. Ne6+ Kf7 48. Nxd4 Nd5 49. Nxc6 Ne3 50. Kg1 Nc2 51. b4 Ke6 52. Nb8 Ne1 53. Nxa6 Nxf3+ 54. Kf2 Ne5 55. Kg3 Nxg4 56. h4 Ne3 57. a4 Kf6 58. b5 Nf5+ 59. Kf4 Nd6 60. b6 Nc4 61. b7 Nb6 62. b8=Q Nd5+ 63. Kg3 Ne7 64. Qd6+ Kf7 65.
Kg4 Nf5 66. Kg5 Nh6 67. Qxg6+ Ke7 68. Qxh6 Ke8 69. Qg7 Kd8 70. Kf6 Ke8 71. Qe7# 1-0

[Event "Late-Titled-Tuesday-Blitz-October-10-2023"]
[Site "Chess.com"]
[Date "2023.10.10"]
[Round "1"]
[White "Mackster23"]
[Black "UK_23"]
[Result "1-0"]
[WhiteElo "2684"]
[BlackElo "2355"]
[TimeControl "180+1"]
[EndTime "14:08:37 PDT"]
[Termination "Mackster23 won by resignation"]

1. e4 e5 2. Nf3 Nc6 3. Bb5 a6 4. Ba4 Nf6 5. O-O b5 6. Bb3 Be7 7. d3 d6 8. a3 O-O 9. Nc3 Nb8 10. Nd5 Nxd5 11. Bxd5 c6 12. Ba2 Kh8 13. d4 Nd7 14. c3 c5 15. dxe5 Nxe5 16. Nxe5 dxe5 17. Qh5 f6 18. Be3 c4 19. Rad1 Qe8 20. Qe2 Bb7 21.
Bb1 Qg6 22. f3 Rfd8 23. Bb6 Rxd1 24. Rxd1 Qe8 25. Rd2 Qc6 26. Bf2 Rd8 27. Qd1 Rxd2 28. Qxd2 Qd6 29. Qe2 Kg8 30. a4 Bc6 31. h4 h5 32. Ba2 Qd7 33. axb5 axb5 34. b3 cxb3 35. Bxb3+ Kf8 36. Qa2 g6 37. Bf7 Kg7 38. Bxg6 Bf8 39.
Bxh5 f5 40. exf5 Qxf5 41. Bg4 Qf4 42. Qc2 e4 43. Bd4+ Kh7 44. Qe2 Bd6 45. fxe4 Bxe4 46.
Bf3 Qh2+ 47. Kf1 Bg6 48. Be4 Qf4+ 49. Bf3 Qxh4 50. Bg1 Qf4 51. Qe3 Qc4+ 52. Be2 Qf7+ 53. Bf2 Qf5 54. Qh3+ Qxh3 55. gxh3 Bf5 56. Kg2 Bd7 57. Bf3 Be5 58. Be1 Kh6 59. Bd2+ Kg6 60. h4 Kf6 61. Kf2 Bf5 62. Ke2 Ke6 63. Kd1 Kd6 64.
Kc1 Kc5 65. Be2 Be6 66. Be3+ Kc6 67. Kc2 Bc4 68. Bxc4 bxc4 69. h5 Bg7 70. h6 Bh8 71.
Bd4 1-0

[Event "Late-Titled-Tuesday-Blitz-October-10-2023"]
[Site "Chess.com"]
[Date "2023.10.10"]
[Round "1"]
[White "Szczor"]
[Black "Thormento16"]
[Result "1-0"]
[WhiteElo "2598"]
[BlackElo "2250"]
[TimeControl "180+1"]
[EndTime "14:08:38 PDT"]
[Termination "Szczor won by resignation"]

1. d4 d5 2. c4 e6 3. Nf3 Nf6 4. Nc3 Be7 5. Bg5 O-O 6. e3 Nbd7 7. Bd3 dxc4 8. Bxc4 a6 9. O-O b5 10. Be2 Bb7 11. Rc1 c5 12. dxc5 Nxc5 13. Bxf6 Bxf6 14. Qxd8 Rfxd8 15. Nxb5 axb5 16. Rxc5 Rxa2 17. Rxb5 Ba6 18.
Bc4 Bxb5 19. Bxa2 Bxf1 20. Kxf1 Bxb2 21. Ke2 h6 22. Bc4 g5 23. h3 Bc3 24. Bd3 Kf8 25.
g4 Ke7 26. h4 f6 27. hxg5 hxg5 28. Bc2 f5 29. gxf5 g4 30. Ne1 Rd2+ 31. Kf1 g3 32. fxg3 Rh2 33. Ng2 Rh1+ 34. Kf2 e5 35.
Be4 Ra1 36. Nh4 Kf6 37. Nf3 Ra2+ 38. Kf1 Rb2 39. g4 Ra2 40. g5+ Kg7 41. f6+ Kf8 42.
g6 Ra7 43. Nh4 Rf7 44. gxf7 Kxf7 45. Ke2 Kxf6 46. Kd3 Ba1 47. Kc4 Bb2 48. Nf3 Bc1 49. Kd3 Bb2 50. Bd5 Ba1 51. e4 Bb2 52. Kc4 Ba1 53. Kc5 Bb2 54. Bc4 Ba1 55. Kd5 Bb2 56.
Nh2 Bd4 57. Ng4+ Kg5 58. Nxe5 Ba1 59. Nc6 Kf6 60. Nd4 Ke7 61. e5 Bb2 62. e6 Ba3 63.
Nf5+ Kf6 64. Bd3 Bf8 65. Ne3 Ba3 66. Ng4+ Ke7 67. Ne5 Bb4 68. Nc6+ 1-0

[Event "Late-Titled-Tuesday-Blitz-October-10-2023"]
[Site "Chess.com"]
[Date "2023.10.10"]
[Round "1"]
[White "PapaieDudu"]
[Black "fastestmindalive"]
[Result "0-1"]
[WhiteElo "2377"]
[BlackElo "2700"]
[TimeControl "180+1"]
[EndTime "14:08:39 PDT"]
[Termination "fastestmindalive won by resignation"]

1. e4 c5 2. Nf3 d6 3. d4 cxd4 4. Nxd4 Nf6 5. Nc3 Nc6 6. f3 e5 7. Nb3 Be7 8. Be3 Be6 9. Qd2 d5 10. exd5 Nxd5 11. Nxd5 Qxd5 12. Qxd5 Bxd5 13. O-O-O O-O-O 14. Bd3 Nb4 15. Bf5+ Kb8 16. a3 Nc6 17. Nc5 Bxc5 18. Bxc5 b6 19. Be3 Kc7 20. c3 Bb3 21.
Rd2 Rxd2 22. Kxd2 Rd8+ 23. Ke2 g6 24. Bd3 f5 25. Rc1 Be6 26. Bc2 Na5 27. Rd1 Re8 28. f4 Nc4 29. Bc1 e4 30. b3 Na5 31. c4 Nb7 32. Bb2 Nc5 33. Be5+ Kc6 34. Ke3 Nd7 35. Bd4 Kb7 36. Rd2 h6 37. Bd1 g5 38. g3 Rg8 39.
Be2 a5 40. b4 axb4 41. axb4 Ra8 42. Rc2 Ra3+ 43. Rc3 Ra2 44. Bg7 gxf4+ 45. gxf4 h5 46. c5 bxc5 47. bxc5 Kc6 48. h4 Ra1 49. Bxh5 Rh1 50.
Be2 Rxh4 51. Bd4 Nf8 52. Be5 Ng6 53. Kd4 Nxf4 54. Bf1 Nd5 55. Rb3 e3+ 56. Kd3 Nf4+ 57. Bxf4 Bxb3 58. Bg2+ Bd5 59. Bxd5+ Kxd5 60. Kxe3 Kxc5 61.
Kf3 Kd5 62. Bg3 Rg4 63. Bf2 Ke5 64. Be3 Re4 65. Bf2 Rf4+ 66. Ke3 Rxf2 67. Kd3 Rf4 68. Ke3 Re4+ 69. Kf3 f4 0-1

[Event "Late-Titled-Tuesday-Blitz-October-10-2023"]
[Site "Chess.com"]
[Date "2023.10.10"]
[Round "1"]
[White "Nick12772"]
[Black "Ali_rastbod"]
[Result "0-1"]
[WhiteElo "2407"]
[BlackElo "2741"]
[TimeControl "180+1"]
[EndTime "14:08:42 PDT"]
[Termination "Ali_rastbod won by resignation"]

1. Nf3 c5 2. g3 Nc6 3. d4 cxd4 4.
Nxd4 g6 5. Bg2 Bg7 6. Nxc6 bxc6 7. O-O Rb8 8. c4 Rxb2 9. Bxb2 Bxb2 10. Nd2 Bxa1 11.
Qxa1 Nf6 12. Ne4 O-O 13. Nxf6+ exf6 14. Rd1 Qe7 15. e3 c5 16. Qc3 d6 17. Qa5 Be6 18.
Qa6 Rd8 19. Rb1 Kg7 20. Rb7 Rd7 21. Rxd7 Qxd7 22. h4 Qc7 23. Qb5 Qb6 24. a4 Qc7 25. a5 Bd7 26. Qb7 Qxb7 27. Bxb7 Be6 28. Ba6 f5 29. Kf1 Kf6 30. Ke2 Ke5 31. Kd3 d5 32. f4+ Kd6 33. cxd5 Bxd5 34. Kc3 f6 35. Be2 h6 36. g4 fxg4 37. Bxg4 g5 38. fxg5 hxg5 39. h5 Bf7 40. h6 Bg6 41. Be2 f5 42. Bc4 g4 43.
Bf7 Bh7 44. Kd2 Ke5 45. Ke2 f4 46. exf4+ Kxf4 47. Kf2 Kg5 48. Kg3 Kxh6 49. Kxg4 Kg7 50. Ba2 Kf6 51. Kf4 Bf5 52. Bd5 Be6 53. Ke4 Bf5+ 54.
Kf4 Bg6 55. Bc4 Bc2 56. Bd5 Bd3 57. Ba2 c4 58. Ke3 Ke5 59. Kd2 Kd4 60. Bxc4 Kxc4 61. Kc1 Kc3 62. a6 Be4 63. Kd1 Kb2 64. Kd2 Bc6 65.
Kd3 Kb3 66. Kd2 Kb2 67. Kd3 Bb5+ 68. Kd4 Bxa6 69. Kc5 Bd3 70. Kb4 a6 71. Ka5 Kb3 72. Kb6 Kb4 73. Kc6 a5 74. Kd5 Kc3 75. Kc5 a4 0-1

[Event "Late-Titled-Tuesday-Blitz-October-10-2023"]
[Site "Chess.com"]
[Date "2023.10.10"]
[Round "1"]
[White "JoakimVonAnd"]
[Black "egnfanclub"]
[Result "1-0"]
[WhiteElo "2692"]
[BlackElo "2372"]
[TimeControl "180+1"]
[EndTime "14:08:42 PDT"]
[Termination "JoakimVonAnd won by checkmate"]

1. d4 d5 2. Nf3 Nf6 3. g3 b5 4.
Bg2 Bb7 5. a4 b4 6. Ne5 Nbd7 7.
c4 e6 8. O-O a5 9. Nd2 Nxe5 10.
dxe5 Nd7 11. cxd5 Nxe5 12. dxe6 Bxg2 13. exf7+ Nxf7 14. Kxg2 Bd6 15. Nf3 O-O 16. Be3 Qf6 17.
Qb3 Kh8 18. Rac1 Ne5 19. Bd4 Rae8 20. Qd5 Qf7 21. Qxf7 Nxf7 22. Bc5 Rxe2 23. b3 Rb2 24. Nd4 Ne5 25. Bxd6 cxd6 26. Rc2 Rxc2 27. Nxc2 Rc8 28. Nd4 Rc3 29. Rd1 g6 30. Ne6 Nd3 31. Nd4 Kg7 32.
Kf1 Nc5 33. Ke2 Nxb3 34. Ne6+ Kf7 35. Rxd6 Nc5 36. Nxc5 Rxc5 37. Ra6 h5 38. h4 Kg7 39. Kd3 Rc3+ 40. Ke4 Ra3 41. Rxa5 b3 42. Ke5 b2 43. Ra7+ Kh6 44. Rb7 Rxa4 45. Rxb2 Ra5+ 46. Ke4 Ra4+ 47. Ke3 Ra3+ 48. Kf4 Ra4+ 49. Kf3 Ra5 50. Rb7 Rf5+ 51. Ke3 Re5+ 52. Kd2 Rd5+ 53. Ke2 Re5+ 54. Kf1 Rf5 55. Kg2 Ra5 56. Rc7 Ra2 57. Rf7 Rb2 58. Kh3 Rb1 59. f3 Rh1+ 60. Kg2 Ra1 61. g4 Ra2+ 62. Kg3 hxg4 63. fxg4 Ra3+ 64. Kf4 Ra4+ 65. Kf3 Ra3+ 66.
Kf4 Ra4+ 67. Kf3 Ra3+ 68. Kg2 Ra2+ 69. Kg3 Ra3+ 70. Rf3 Ra4 71. Rb3 Ra1 72. Rb7 Ra4 73. g5+ Kh5 74. Rh7# 1-0

[Event "Late-Titled-Tuesday-Blitz-October-10-2023"]
[Site "Chess.com"]
[Date "2023.10.10"]
[Round "1"]
[White "FrankDux44"]
[Black "vyprd"]
[Result "1/2-1/2"]
[WhiteElo "2638"]
[BlackElo "2340"]
[TimeControl "180+1"]
[EndTime "14:08:44 PDT"]
[Termination "Game drawn - insufficient material"]

1. d4 d5 2. c4 e6 3. Nc3 c5 4. e3 Nf6 5. Nf3 a6 6. a3 cxd4 7. exd4 dxc4 8. Bxc4 Be7 9. O-O O-O 10. Qe2 b5 11. Ba2 Nc6 12. Rd1 Nd5 13. Nxd5 exd5 14. Bf4 Be6 15. Rac1 Rc8 16. Bb1 g6 17. h3 Re8 18. Ne5 Nxe5 19. Bxe5 Rxc1 20. Rxc1 Bd6 21. Bxd6 Qxd6 22. Qe5 Qxe5 23. dxe5 b4 24. Bd3 bxa3 25.
bxa3 Bd7 26. Bxa6 Rxe5 27. Rd1 Bc6 28. Bd3 h5 29. Rc1 Bd7 30. Rc7 Be6 31. a4 d4 32.
Rb7 Re1+ 33. Kh2 Rd1 34. Bb5 d3 35. Rb8+ Kg7 36. Rd8 d2 37. a5 Ra1 38. Rxd2 Rxa5 39.
Bc6 Rc5 40. Bf3 h4 41. Bg4 Bxg4 42. hxg4 g5 43. Re2 Rc4 44. f3 f6 45. Re7+ Kg6 46. Re8 Kf7 47. Ra8 Ke6 48. Ra5 Rc2 49. Ra6+ Ke5 50.
Ra5+ Kd6 51. Ra4 Kd5 52. f4 Rc5 53. f5 Rc4 54. Ra6 Rxg4 55. Rxf6 Ke5 56. Rf8 Rf4 57. f6 Rxf6 58. Re8+ Kf4 59. Ra8 Kg4 60. Ra4+ Rf4 61. Ra3 Rb4 62. Rc3 Re4 63. Rb3 Rd4 64. Rc3 Kf4 65. Rc8 Rd2 66. Rf8+ Kg4 67. Rb8 Rd4 68. Rb3 Kf4 69. Ra3 g4 70. Ra8 Rd2 71. Rf8+ Ke5 72. Re8+ Kf5 73. Rf8+ Ke6 74. Rg8 Rd4 75.
Rh8 h3 76. gxh3 gxh3 77. Rxh3 Ke5 78. Rh5+ Ke4 79. Rh4+ Kd3 80. Rxd4+ Kxd4 1/2-1/2

[Event "Late-Titled-Tuesday-Blitz-October-10-2023"]
[Site "Chess.com"]
[Date "2023.10.10"]
[Round "1"]
[White "josiur"]
[Black "Polish_fighter3000"]
[Result "0-1"]
[WhiteElo "2515"]
[BlackElo "3051"]
[TimeControl "180+1"]
[EndTime "14:08:53 PDT"]
[Termination "Polish_fighter3000 won by checkmate"]

1. d4 Nf6 2. Nf3 g6 3. Nc3 Bg7 4. Bf4 d6 5. e4 Nc6 6. d5 e5 7. Bg5 Ne7 8. h3 h6 9. Be3 O-O 10. Qd2 Kh7 11. g4 Bd7 12. g5 Nfg8 13. gxh6 Bxh6 14. Ng5+ Kg7 15. h4 f5 16. exf5 Nxf5 17. Ne6+ Bxe6 18. Bxh6+ Ngxh6 19. dxe6 Nd4 20. Bg2 Nxe6 21.
O-O-O Rb8 22. Rdg1 Nf5 23. Bd5 Nf4 24. h5 Rh8 25. hxg6 Qd7 26. Rh7+ Rxh7 27. gxh7+ Kxh7 28. Be4 Kh8 29. f3 Nh6 30. Qh2 Qh3 31. Qxh3 Nxh3 32. Rh1 c6 33. Rxh3 Kg7 34. Rg3+ Kf8 35. Rg6 Nf7 36.
Bf5 d5 37. Ne2 Ke7 38. Ng3 Rh8 39. Kd2 a5 40. a4 Rh2+ 41. Ne2 Rf2 42. Bg4 Rh2 43. Ke3 Rh1 44. b3 Re1 45. Kd2 Rh1 46. Re6+ Kf8 47. Rf6 Ke7 48. Rf5 Rh2 49. Ke3 Rg2 50.
Kd3 Rh2 51. Ng3 Rg2 52. Nf1 Rf2 53. Ne3 Rh2 54. c4 d4 55. Nc2 Rf2 56. f4 exf4 57.
Nxd4 Nh6 58. Rg5 Kf6 59. Rh5 Nxg4 60. Rh4 Kg5 61. Rh7 Ne5+ 62. Kc3 Nf3 63. Rg7+ Kf6 64.
Rxb7 Nxd4 65. Kxd4 Re2 66. Kc5 f3 67. Rb8 Re7 68.
Rf8+ Rf7 69. Rd8 f2 70. Rd6+ Ke5 71. Rxc6 f1=Q 72. Kb5 Qf2 73. Rc5+ Ke4 74. Rd5 Rb7+ 75. Kc6 Qb6# 0-1

[Event "Late-Titled-Tuesday-Blitz-October-10-2023"]
[Site "Chess.com"]
[Date "2023.10.10"]
[Round "1"]
[White "ErikRonka"]
[Black "ChristopherYoo"]
[Result "0-1"]
[WhiteElo "2510"]
[BlackElo "3024"]
[TimeControl "180+1"]
[EndTime "14:09:00 PDT"]
[Termination "ChristopherYoo won by resignation"]

1. e4 a6 2. d4 e6 3. Nf3 d5 4. Nc3 Be7 5. Bd3 Nf6 6. Qe2 c5 7. exd5 cxd4 8. Nxd4 Nxd5 9. O-O Nxc3 10. bxc3 O-O 11. Rb1 Nd7 12. Re1 Nc5 13. Bc4 b5 14. Nc6 Qc7 15. Nxe7+ Qxe7 16. Ba3 Bb7 17. Qh5 Rac8 18.
Bxb5 axb5 19. Rxb5 Qd7 20. Rxc5 Rxc5 21. Bxc5 Qc6 22. f3 Rd8 23. Bd4 f6 24. Qc5 Qd7 25.
h3 e5 26. Bf2 h6 27. Qb4 Qf7 28. a4 Rc8 29. Rd1 Ba6 30. Qb6 Bc4 31. Rd8+ Rxd8 32. Qxd8+ Kh7 33. a5 Qb7 34. Qb6 Qc8 35. Qc5 Qe6 36.
Kh2 Ba6 37. Qb6 Qc4 38. Qb4 Qf1 39. Bg3 Kh8 40. h4 h5 41. Qf8+ Kh7 42. Qf7 Kh6 43. Qe6 Qe2 44. Qb6 Qf1 45. Qf2 Qb5 46. f4 e4 47. f5 Qxa5 48. Qf4+ Kh7 49. Qxe4 Qxc3 50. Qe8 Qxc2 51. Qg6+ Kh8 52. Qxh5+ Kg8 53. Qe8+ Kh7 54. Qg6+ Kh8 55. h5 Qe4 56. h6 Qe7 57. Bh4 Kg8 58.
Qg3 Bc8 59. Qg4 Qf7 60. hxg7 Qxg7 61. Qc4+ Kh7 62. Qxc8 Qg4 63. Bg3 Qh5+ 64. Kg1 Qd1+ 65. Kf2 Qd2+ 66. Kf3 Qd3+ 67. Kg4 Qd1+ 68. Kf4 Qd4+ 69. Kf3 Qd1+ 70. Ke3 Qb3+ 71. Kf2 Qb2+ 72. Kg1 Qb1+ 73. Kh2 Qe4 74. Qc7+ Kg8 75. Qf4 Qe2 76. Qh6 Qe4 77. Bh4 Qe5+ 78. g3 Qe2+ 79. Kg1 Qe1+ 80.
Kg2 Qe2+ 81. Kh3 Qf1+ 82. Kg4 Qd1+ 83. Kf4 Qd2+ 84. Ke4 Qxh6 0-1

[Event "Late-Titled-Tuesday-Blitz-October-10-2023"]
[Site "Chess.com"]
[Date "2023.10.10"]
[Round "1"]
[White "baki83"]
[Black "Zeck_CH"]
[Result "1-0"]
[WhiteElo "2826"]
[BlackElo "2441"]
[TimeControl "180+1"]
[EndTime "14:09:00 PDT"]
[Termination "baki83 won by resignation"]

1. e4 c6 2. Nf3 g6 3. h4 h6 4. d4 Bg7 5. Bd3 d6 6. c3 Bg4 7. Nbd2 Nd7 8. Qb3 Qb6 9. Bc4 Qxb3 10.
axb3 Nb6 11. Bd3 e5 12. b4 Ne7 13. dxe5 dxe5 14. Ra5 Nd7 15. Nc4 b6 16. Nd6+ Kf8 17. Ra3 Be6 18. h5 gxh5 19. Be3 Ng6 20. Bc4 Ke7 21.
Nf5+ Bxf5 22. exf5 Nf4 23. Bxf4 exf4 24. Rxh5 Nf6 25. Rh4 c5 26. b5 Rhe8 27. Rxf4 Kf8+ 28. Kf1 Rad8 29. g3 Rd1+ 30. Kg2 Re7 31. Ba2 Nh5 32. Rfa4 Rdd7 33. Bc4 Ke8 34. Ra1 Kd8 35. Rh1 Nf6 36.
Raa1 Kc8 37. Rhe1 Ne4 38. Rad1 Rxd1 39. Rxd1 Bf6 40. Rh1 Nd6 41. Bd3 Bg7 42. f6 Bxf6 43. Rxh6 Re6 44. Rh7 Kc7 45. Nd2 Bg5 46. Nc4 Re7 47.
Nxd6 Kxd6 48. Bc4 f6 49. Rh1 f5 50. Rd1+ Kc7 51. Rd5 Bc1 52. b3 Bb2 53. Rxf5 Bxc3 54. g4 Bd4 55. g5 Re4 56. f4 Re3 57. Rf7+ Kd6 58. Rxa7 Rc3 59. Rf7 Rc2+ 60. Kf3 Rc3+ 61. Kg4 Be3 62. f5 Bd4 63. f6 Rc1 64. Re7 Rg1+ 65.
Kf5 Rg2 66. Re6+ Kc7 67. Rc6+ Kb7 68. Bd5 Rf2+ 69. Kg6 Ka7 70. Rc7+ Kb8 71. Rc6 Kb7 72. Re6+ Kc7 73. f7 Rf4 74. Rf6 Bxf6 75. gxf6 Kd6 76. f8=Q+ Kxd5 77. Qd8+ Ke4 78. Qe7+ Kd4 79. Qd6+ Ke4 80.
Qxf4+ Kxf4 81. f7 Ke5 82. f8=Q Kd4 83. Qf6+ Kd3 84. Qxb6 c4 85. Qd6+ 1-0

[Event "Late-Titled-Tuesday-Blitz-October-10-2023"]
[Site "Chess.com"]
[Date "2023.10.10"]
[Round "1"]
[White "Alphafischer2019"]
[Black "Witty_Alien"]
[Result "1-0"]
[WhiteElo "2587"]
[BlackElo "2219"]
[TimeControl "180+1"]
[EndTime "14:09:00 PDT"]
[Termination "Alphafischer2019 won on time"]

1. e4 c5 2. Nf3 d6 3. d4 cxd4 4. Nxd4 Nf6 5. Nc3 a6 6. Be2 e5 7. Nb3 Be7 8. Be3 Be6 9. Nd5 Nxd5 10. exd5 Bf5 11. O-O O-O 12. c4 Nd7 13. Kh1 Bg5 14.
Rc1 Bxe3 15. fxe3 Qg5 16. Bd3 e4 17. Bb1 Ne5 18. Nd4 Bg6 19. Rf4 Rac8 20. Qf1 Nd3 21. Bxd3 exd3 22. b3 b5 23. Nc6 bxc4 24. bxc4 Rb8 25.
Qf2 Rfe8 26. Nxb8 Rxb8 27. h3 h5 28. c5 Qxd5 29. c6 d2 30. Rd1 Rb1 31. Qg1 Rxd1 32.
Qxd1 Bc2 33. c7 Bxd1 34. c8=Q+ Kh7 35. Rd4 Qa5 36. Qc4 Ba4 37. Qd3+ g6 38. Qxd2 Qb5 39. Rf4 Qd7 40. Qf2 Kg7 41. Qb2+ Kh7 42. Qd4 Bc6 43. Kh2 a5 44. Rf6 a4 45. Qxd6 Qb7 46. Rf2 Bd5 47. a3 Be6 48. Qf4 Qb3 49. Qd6 Qxe3 50. Qf4 Qxa3 51.
Rf3 Bb3 52. Qxf7+ Bxf7 53. Rxa3 Bb3 54. Kg3 g5 55. Kf3 Kg6 56. g4 h4 57. Ke4 Kf6 58. Ra1 Ke6 59. Kd4 Kd6 60. Rf1 a3 61. Rf6+ Be6 62.
Kc3 Ke5 63. Rf2 Bd5 64. Kc2 a2 65. Kb2 Ke4 66. Rf5 Bc4 67. Rxg5 Kf4 68. Rh5 Kg3 69.
g5 Kxh3 70. g6 Kg4 71. Rc5 Be6 72. Re5 Bc4 73. Re4+ Kg5 74. Rxc4 h3 75. g7 h2 76. g8=Q+ Kh5 77. Qh7+ 1-0

[Event "Late-Titled-Tuesday-Blitz-October-10-2023"]
[Site "Chess.com"]
[Date "2023.10.10"]
[Round "1"]
[White "Noki102"]
[Black "Iball95"]
[Result "1-0"]
[WhiteElo "2462"]
[BlackElo "2830"]
[TimeControl "180+1"]
[EndTime "14:09:16 PDT"]
[Termination "Noki102 won by checkmate"]

1. d4 d5 2. Bf4 Nf6 3. e3 Bf5 4.
c4 e6 5. Nc3 Bb4 6. Qb3 Nc6 7.
a3 Bxc3+ 8. Qxc3 Ne4 9. Qc1 Na5 10. f3 Nb3 11. Qd1 Nxa1 12. fxe4 Bxe4 13. Qxa1 Qh4+ 14. Bg3 Qg5 15. Qc1 O-O 16. Nh3 Qe7 17. Nf2 Bg6 18.
Be2 c5 19. dxc5 Qxc5 20. b4 Qc6 21. O-O Rac8 22. c5 Rfd8 23. Ng4 f6 24. Qc3 e5 25. a4 a5 26. Bb5 Qc7 27. Rc1 axb4 28.
Qxb4 Qe7 29. Be1 d4 30. c6 Qxb4 31. Bxb4 bxc6 32. Rxc6 h5 33. Nxe5 fxe5 34. Rxg6 dxe3 35. h3 Rc1+ 36. Kh2 h4 37. Be7 Rd4 38. Rg4 g5 39. Bxg5 Rxg4 40. hxg4 Rc3 41. Bxh4 Kf7 42. Kg3 e4 43. Kf4 Rc2 44. Kxe3 Rxg2 45. Bd8 Rxg4 46. Bb6 Ke6 47. a5 Kd5 48. Ba6 Rg3+ 49.
Ke2 Ra3 50. Bb7+ Ke5 51. a6 Ra2+ 52. Ke3 Ra3+ 53. Kd2 Ra2+ 54. Kc3 e3 55. Bxe3 Ra3+ 56. Kd2 Ra2+ 57. Kd3 Ra3+ 58. Kd2 Ra2+ 59. Kc1 Ra3 60. a7 Ra1+ 61. Kb2 Ra5 62. a8=Q Rxa8 63. Bxa8 Kd6 64.
Bf3 Ke5 65. Kc3 Kf5 66. Kd3 Ke5 67. Be4 Ke6 68. Bd4 Kd6 69. Kc4 Ke6 70. Kc5 Ke7 71. Kd5 Kd7 72. Be5 Ke7 73. Bf5 Kf7 74. Kd6 Kf8 75.
Be6 Ke8 76. Bf6 Kf8 77. Ke5 Ke8 78. Kf5 Kf8 79. Kg5 Ke8 80. Kg6 Kf8 81. Bd7 Kg8 82.
Be7 Kh8 83. Ba4 Kg8 84. Bb3+ Kh8 85. Bf6# 1-0

[Event "Late-Titled-Tuesday-Blitz-October-10-2023"]
[Site "Chess.com"]
[Date "2023.10.10"]
[Round "1"]
[White "German_Bazeev"]
[Black "cthulhuuu"]
[Result "0-1"]
[WhiteElo "2807"]
[BlackElo "2457"]
[TimeControl "180+1"]
[EndTime "14:09:24 PDT"]
[Termination "cthulhuuu won by resignation"]

1. c4 Nf6 2. Nc3 e5 3. Nf3 Nc6 4. e4 Bb4 5. d3 Bxc3+ 6. bxc3 d6 7. g3 O-O 8. Bg2 b6 9. Nh4 Ne7 10. O-O h6 11. f4 Bg4 12. Qe1 Ng6 13. Nf3 exf4 14.
gxf4 Nh5 15. f5 Ngf4 16. Bxf4 Nxf4 17. Qe3 Nxg2 18. Kxg2 Qf6 19. Nd4 c5 20. Nb5 Rae8 21.
Nc7 Re5 22. Rac1 Bxf5 23. Nd5 Qg6+ 24. Kh1 Rxe4 25. dxe4 Bxe4+ 26. Rf3 Re8 27. Rf1 f5 28. Qf2 Bxf3+ 29. Qxf3 Re5 30. Rg1 Qf7 31. Qg3 g5 32. Qf3 f4 33. Qxf4 Qxf4 34. Nxf4 Re4 35. Nd5 Rxc4 36.
Re1 Kf7 37. Re7+ Kg6 38. Rxa7 Re4 39. a4 Kh5 40. Nxb6 Re1+ 41. Kg2 Re2+ 42. Kf3 Rxh2 43. Nd5 Rh3+ 44. Kg2 Rd3 45. c4 Rd4 46. a5 Rxc4 47. a6 Rd4 48. Nf6+ Kg6 49. Nd7 Rd2+ 50. Kf3 h5 51.
Rb7 g4+ 52. Ke3 Ra2 53. a7 g3 54. Kf3 g2 55. Nf8+ Kh6 56. Rh7+ Kg5 57. Rg7+ Kf6 58. Rxg2 Rxa7 59. Ke4 Ra4+ 60. Kd5 Rd4+ 61. Kc6 h4 62. Nd7+ Kf5 63. Rf2+ Kg4 64. Rg2+ Kf3 65. Rh2 Kg3 66. Ra2 h3 67. Ra3+ Kg2 68. Ra2+ Kf3 69.
Ra3+ Kg4 70. Ra2 Kg3 71. Ra3+ Kh4 72. Ra2 Rg4 73. Nf6 Rg2 74. Ra1 h2 75. Ne4 Kh3 76.
Ra3+ Kg4 77. Ra1 Kf3 78. Nc3 Rg1 79. Ra8 h1=Q 0-1

[Event "Late-Titled-Tuesday-Blitz-October-10-2023"]
[Site "Chess.com"]
[Date "2023.10.10"]
[Round "1"]
[White "2typicalchessplayer"]
[Black "dedpihto_v_kozhanom_palto"]
[Result "1/2-1/2"]
[WhiteElo "2355"]
[BlackElo "2669"]
[TimeControl "180+1"]
[EndTime "14:09:31 PDT"]
[Termination "Game drawn - insufficient material"]

1. d4 g6 2. Nf3 Bg7 3. e4 d6 4.
Bd3 Nc6 5. c3 e5 6. dxe5 Nxe5 7.
Be2 Nxf3+ 8. Bxf3 Nf6 9. O-O O-O 10. h3 Be6 11. Re1 Nd7 12. Nd2 Ne5 13. Be2 Qh4 14.
Nf3 Qxe4 15. Nxe5 Qxe5 16. Bc4 Qf6 17. Bxe6 fxe6 18. Be3 b6 19. Qb3 Kh8 20. Bd4 e5 21.
Be3 a5 22. Rad1 Qf7 23. Qa4 Rfb8 24. c4 Rf8 25. Qc6 Rac8 26. b3 Qe8 27. Qe4 Rf7 28. f3 Qf8 29. Re2 Bh6 30. Bxh6 Qxh6 31. Qb7 Rcf8 32.
Re4 Qg5 33. Kh1 h5 34. Qd5 Qg3 35. Re3 Rf4 36. Qe6 Kh7 37. a3 R8f7 38. b4 axb4 39.
axb4 Qg5 40. Red3 R4f6 41. Qd5 Rf8 42. c5 bxc5 43. bxc5 Qg3 44. Qc6 dxc5 45. Qxc5 e4 46. Rd7+ Kh6 47. Qe3+ g5 48. Qxe4 Rg6 49. Re7 Rb8 50. Re6 Rg8 51. Rxg6+ Rxg6 52. Qd4 Kh7 53. Qd7+ Rg7 54. Qc6 Qe5 55. Qe4+ Qxe4 56. fxe4 Re7 57. Rd4 Kg7 58. Rc4 Kf6 59. Kg1 Ke5 60. Kf2 Kd6 61. Ke3 Rf7 62. Rd4+ Ke6 63. Rd5 Rg7 64. Rf5 Rg8 65.
g3 Rg7 66. g4 hxg4 67. hxg4 Rg8 68. Kd4 Rd8+ 69. Kc5 Rg8 70. Kc6 Rg7 71. Kc5 Rg8 72. Kc6 Rg7 73. Rf8 Rh7 74. Rf5 Rh1 75. Rxg5 Rc1+ 76. Kb5 Re1 77. e5 Rb1+ 78. Kc5 Rc1+ 79.
Kd4 c5+ 80. Ke4 Rc4+ 81. Kd3 Ra4 82. Ke3 Ra3+ 83. Ke4 Ra4+ 84. Ke3 Kd5 85. e6+ Kd6 86. e7 Ra3+ 87. Ke4 Kxe7 88. Rxc5 Kf6 89. Kf4 Ra4+ 90. Kg3 Ra6 91. Kh4 Kg6 92. Rg5+ Kh6 93. Rb5 Kg6 94.
Rb4 Rc6 95. Ra4 Rb6 96. Ra8 Kh6 97. Rg8 Ra6 98. g5+ Kh7 99. Rb8 Kg6 100. Rg8+ Kh7 101. Rf8 Kg6 102. Rf6+ Rxf6 103. gxf6 Kxf6 1/2-1/2

[Event "Late-Titled-Tuesday-Blitz-October-10-2023"]
[Site "Chess.com"]
[Date "2023.10.10"]
[Round "1"]
[White "Roberz12"]
[Black "GMKrikor"]
[Result "1-0"]
[WhiteElo "2440"]
[BlackElo "2787"]
[TimeControl "180+1"]
[EndTime "14:09:55 PDT"]
[Termination "Roberz12 won on time"]

1. Nf3 d5 2. a3 g6 3. d4 Bg7 4. g3 Nf6 5. Bg2 b5 6. O-O O-O 7. b3 Nbd7 8. Bb2 Bb7 9. Ne5 e6 10.
c4 c6 11. cxb5 cxb5 12. Nd2 Nxe5 13. dxe5 Nd7 14. Nf3 Rc8 15. Rc1 Qe7 16. Qd4 a6 17. b4 Rc4 18. Qa7 Nb8 19. Nd2 Rcc8 20. Nb3 Nc6 21. Qe3 Rc7 22. Nc5 Bc8 23. f4 Rd8 24. Rfd1 Nb8 25. Nb3 Bb7 26. Qb6 Rdc8 27. Rc5 Ba8 28.
Rdc1 Rxc5 29. Rxc5 Qe8 30. Nd4 Bf8 31. Rxc8 Qxc8 32.
e3 Nd7 33. Qa7 Qb7 34. Qxb7 Bxb7 35. Bf1 Nb6 36. Bc1 Nc4 37. Nb3 Be7 38. Kf2 f6 39.
exf6 Bxf6 40. Nc5 Bc8 41. e4 Bd4+ 42. Kf3 dxe4+ 43. Kxe4 Bf6 44. Kd3 Kf7 45. Bg2 Ke8 46. a4 Nb6 47. axb5 axb5 48. Bc6+ Kd8 49. Bxb5 Nd5 50.
Bd2 Kc7 51. Bc4 Be7 52. Bxd5 exd5 53. Kd4 Kc6 54. Nd3 Be6 55. Ne5+ Kb5 56. g4 Bf6 57. h3 Bg7 58. Kd3 g5 59. Nf3 gxf4 60. Bxf4 Kxb4 61.
Nd4 Bd7 62. Bd6+ Ka5 63. Nf5 Bf6 64. Be7 Be5 65. Ke3 Kb6 66. Nd4 Kc7 67. Bg5 Bg7 68. Bf4+ Kd8 69. Nf5 Bf6 70. Nd6 Ke7 71. Nf5+ Kf7 72.
Nd4 Bc8 73. Nf3 Kg6 74. Nd4 Bd7 75. Nf3 Be7 76. Ne5+ Kg7 77. Nxd7 Kf7 78. Ne5+ Ke6 79. Nf3 Bc5+ 80. Kd3 Kf6 81. Be5+ Kg6 82. Bd4 Bd6 83. Be3 h5 84. gxh5+ Kxh5 85. Kd4 Be7 86. Kxd5 Bf6 87. Ke6 Bd8 88. Bd4 Bc7 89. Bf6 Bg3 90. Kf5 Bf2 91.
Bg5 Bg3 92. Nd4 Bh4 93. Bf4 Be7 94. Bg3 Kh6 95. Ne6 Bb4 96. Bf4+ Kh7 97. Bg5 Kg8 98.
h4 Bc3 99. h5 Bh8 100. Kg6 Bc3 101. h6 Kh8 102. h7 Bg7 103. Nd8 1-0

[Event "Late-Titled-Tuesday-Blitz-October-10-2023"]
[Site "Chess.com"]
[Date "2023.10.10"]
[Round "2"]
[White "Hirna2005"]
[Black "WindWhistler11"]
[Result "0-1"]
[WhiteElo "2272"]
[BlackElo "2512"]
[TimeControl "180+1"]
[EndTime "14:11:50 PDT"]
[Termination "WindWhistler11 won by resignation"]

1. e4 e6 2. d4 d5 3. e5 c5 4. c3 Nc6 5. Be3 Bd7 6. Qd2 Nge7 7. Nf3 Nf5 8. Bd3 g6 9. O-O Nxe3 10. fxe3 Bh6 11.
Qf2 O-O 12. Nbd2 f6 13. exf6 Rxf6 14. e4 cxd4 15. e5 Be3 0-1

[Event "Late-Titled-Tuesday-Blitz-October-10-2023"]
[Site "Chess.com"]
[Date "2023.10.10"]
[Round "2"]
[White "kleinebeer98"]
[Black "Zhbugnoimt"]
[Result "1-0"]
[WhiteElo "2860"]
[BlackElo "2555"]
[TimeControl "180+1"]
[EndTime "14:12:29 PDT"]
[Termination "kleinebeer98 won by resignation"]

1. e4 c5 2. Nf3 d6 3. d4 cxd4 4.
Nxd4 Nf6 5. Nc3 a6 6. a3 e6 7. g4 Be7 8. g5 Nfd7 9. h4 b5 10.
Be3 Bb7 11. Rg1 Nc6 12. h5 Nxd4 13. Qxd4 Ne5 14. Be2 Rc8 15. f4 Nc4 16. Bxc4 Rxc4 17. Qxg7 Kd7 18. O-O-O Qa5 19. Qxh8 1-0